Mobius, chaotic male elven Wizard ------- #.)....| ------------- ###|<...*| |%)(%%(]([(.| # -|-|--- |m+%+?I(*[..|### ###### |(%[%)@!).(.|# #### |[)/(?)?]%*@-# #### ------------- # # # ### # # # ### # # ---.------.--+- |.............| |.......(.....| |.............| |.............| |......{......| --------------- Mobius the Evoker Experience level: 1 Strength: 11 Dexterity: 16 Constitution: 14 Intelligence: 17 Wisdom: 9 Charisma: 9 Health: 0(10) Energy: 8(8) Def: 1 Gold: 0 Moves: 807 Dungeon seed: UgnUsulc7NCsT1n2 Game ID: Mobius_1540482315 Your Inventory: Weapons a - a blessed +1 quarterstaff (weapon in hands) Armor e - an uncursed +0 cloak of magic resistance (being worn) n - an uncursed +0 dwarvish iron helm Comestibles j - an uncursed banana r - 2 uncursed food rations v - an uncursed banana Potions l - an uncursed potion of sickness m - an uncursed potion of extra healing p - an uncursed potion of hallucination Scrolls k - a blessed scroll of enchant weapon q - a cursed scroll of enchant weapon s - an uncursed scroll of teleportation Spellbooks d - a blessed spellbook of magic missile f - a blessed spellbook of wizard lock g - a blessed spellbook of speed monster t - an uncursed spellbook of force bolt Wands b - an uncursed wand of striking (0:4) Tools i - an uncursed leather drum o - an uncursed skeleton key w - an uncursed blindfold Spells and supernatural/magical abilities: Spell marked with ':' is quivered. Name Level Category Cost Memory a - force bolt 1 : attack 5pw 99% W - pray for help -- divine ? -- Your skills at the end: Fighting Skills wands [Basic] Weapon Skills quarterstaff [Basic] Spellcasting Skills attack spells [Basic] enchantment spells [Basic] Final Attributes: You were piously aligned. You were immune to sleep. You were magic resistant. You saw invisible. You had infravision. You were lucky. Anhur was noncommittal. You are dead. Vanquished creatures: a green mold 3 jackals a sewer rat 3 newts 8 creatures vanquished. Voluntary challenges: You were an atheist. You used a wielded weapon 2 times, starting on turn 147. You read items or engraved 3 times, starting on turn 1. You never genocided any monsters. You never polymorphed an object. You never changed form. You used no wishes. You never split a pudding. You wrote Elbereth's name 1 time, starting on turn 774. You never violated your personal moral code. Dungeon overview: The Dungeons of Doom: levels 1 to 4 Level 1 a vault a long staircase Level 2 Level 3 Level 4 <- You were here a general store, a fountain, a vault History has recorded: On T:1 you entered the Dungeons of Doom to retrieve the Amulet of Yendor! On T:296 you reached level 2 of The Dungeons of Doom. On T:349 you reached level 3 of The Dungeons of Doom. On T:696 you reached level 4 of The Dungeons of Doom. Score breakdown: Gold: 0 ( 0 points) Experience: 1 level ( 0 points) Exploration: 4 levels ( 8.51%) ( 7661 points) Discoveries: 4 items ( 1.39%) ( 3541 points) Valuables value: (no points given unless you survive) Artifact value: 0 ( 0 points) Variety of kills: 4 monsters ( 1.05%) ( 3077 points) Turncount: 807 turns ( 0 points) Survival: died (score multiplied by 80%) Total score: 11423 Latest messages: There's still a monster there. You think there's a mimic there. Please move the cursor to an unknown object. Done. You see here a cyan potion (133 zorkmids). You see here a scroll of identify (26 zorkmids). You see here a forked polearm (6 zorkmids). You see here a large box (2735 zorkmids). Hmmm, it seems to be locked. Use an unlocking tool manually so I know which one you want to use. You succeed in unlocking the box. You trigger a trap! You are jolted by a surge of electricity! You stop picking the lock. You die... Kabalebo gratefully inherits all your possessions. Final status: Goodbye Mobius the Wizard, killed by an electric shock... You died in The Dungeons of Doom on dungeon level 4 with 11423 points, and 0 pieces of gold, after 807 moves. You were level 1 with a maximum of 10 hit points when you died.